 Dungeon Crawl Stone Soup version 0.26.1-11-gd32895ea62 (webtiles) character file.

Game seed: 10649647979626887710

101 H0rd4k the Insei (level 4, 0/28 HPs)
             Began as an Octopode Transmuter on June 22, 2021.
             Slain by an orc
             ... wielding a +0 falchion
              (6 damage)
             ... on level 3 of the Dungeon.
             The game lasted 00:01:26 (2770 turns).

H0rd4k the Insei (Octopode Transmuter)              Turns: 2770, Time: 00:01:26

Health: 0/28       AC:  2    Str:  9    XL:     4   Next: 75%
Magic:  4/7        EV: 20    Int: 22    God:
Gold:   148        SH:  0    Dex: 17    Spells: 3/7 levels left

rFire    . . .     SeeInvis .     - Unarmed
rCold    + . .     Faith    .   (shield currently unavailable)
rNeg     . . .     Spirit   .   (helmet currently unavailable)
rPois    x         Reflect  .   k - amulet of regeneration
rElec    .         Harm     .   a - +6 ring of intelligence
rCorr    .         Rampage  .   m - ring of protection from cold
Will     .....                  (no ring)
Stlth    ++........             (no ring)
HPRegen  0.49/turn              (no ring)
MPRegen  0.10/turn              (no ring)
                                (no ring)
                                (no ring)

@: spider-form
A: tiny, almost no armour, stealthy swim, (amphibious), 8 rings, (constrict 8)
a: End Transformation


You were on level 3 of the Dungeon.
You were a venomous arachnid creature.
You visited 1 branch of the dungeon, and saw 3 of its levels.

You collected 148 gold pieces.

Inventory:

Jewellery
 a - a +6 ring of intelligence (left front leg)
 k - an amulet of regeneration (around neck)
 m - a ring of protection from cold (right front leg)
Scrolls
 b - 4 scrolls of identify {unknown}
 c - a scroll of blinking {unknown}
 g - 3 scrolls of teleportation {unknown}
 h - 4 scrolls of remove curse {unknown}
 i - 2 scrolls of enchant weapon {unknown}
 p - a scroll of fear {unknown}
 q - a scroll of fog {unknown}
Potions
 d - a potion of resistance {unknown}
 e - a potion of attraction {unknown}
 f - a potion of cancellation {unknown}
 j - 4 potions of flight {unknown}
 l - 4 potions of curing {unknown}
 n - a potion of heal wounds {unknown}
 o - a potion of lignification {unknown}
 r - a potion of magic {unknown}


   Skills:
 + Level 1.0 Fighting
 + Level 2.3 Dodging
 - Level 0.8 Stealth
 + Level 4.0 Unarmed Combat
 * Level 2.3 Spellcasting
 * Level 2.6 Transmutations
 * Level 1.9 Poison Magic


You had 3 spell levels left.
You knew the following spells:

 Your Spells              Type           Power        Failure   Level
a - Beastly Appendage     Tmut           28%          14%         1
b - Spider Form           Tmut/Pois      6%           34%         3

Your spell library contained the following spells:

 Spells                   Type           Power        Failure   Level
 Wereblood                Tmut           14%          19%         2
 Ice Form                 Ice/Tmut       8%           80%         4
 Blade Hands              Tmut           7%           90%         5


Dungeon Overview and Level Annotations

Branches:
Dungeon (3/15)

Altars:
Ashenzari
Nemelex Xobeh
Uskayaw
The Shining One


Innate Abilities, Weirdness & Mutations

You cannot wear most types of armour.
You are very stealthy in the water. (Stealth+)
((You are amphibious.))
You can wear up to eight rings at the same time.
((You can use your tentacles to constrict eight enemies at once.))
((Your skin changes colour to match your surroundings (Stealth+).))
((Your rubbery body absorbs attacks. (AC +1, EV +1)))


Message History

Things that are here:
a +0 short sword; a +0 ring mail You barely miss the orc.
The orc misses you.
You hit the orc.
The orc is poisoned.
The orc is heavily wounded.
The orc completely misses you.
You hit the orc.
The orc looks as sick as possible!
The orc is heavily wounded.
The orc hits you with a +0 trident.
* * * LOW HITPOINT WARNING * * *
You hit the orc.
You kill the orc!
You hit the orc.
The orc is heavily wounded.
The orc hits you with a +0 falchion.
* * * LOW HITPOINT WARNING * * *
You hit the orc but do no damage.
The orc is poisoned.
The orc is heavily wounded.
The orc hits you with a +0 falchion.
You die...

≈.♣♣###'# ...... ♣♣≈≈♣♣....
#.....# ♣P≈♣♣..... ##....$#
♣.♣♣.♣...
......###########♣♣♣♣♣♣≈.♣♣♣♣♣.
.##................♣♣P♣≈≈≈♣♣♣♣P#
.<............###..≈.≈≈≈≈.≈.≈≈..
#####..........###.♣♣.♣P≈≈.♣P≈♣P#
...........(.(wos..♣♣♣♣♣P..♣♣♣♣♣#
###...#.!......##### ♣.≈P♣
..................... ♣♣.P♣
.##..)###............ ♣.♣♣ +...
+............ ♣.P #...
#............ .... #...
#............ #... #............
#... #............


You could see a worm and an orc (very poisoned).

Vanquished Creatures
  An orc priest (D:3)
  2 adders
  3 worms
  2 leopard geckos (D:1)
  3 orcs (D:3)
  A giant cockroach (D:1)
  3 goblins
  6 hobgoblins
  A ball python (D:3)
  11 bats
  A frilled lizard (D:1)
  4 kobolds
  6 rats
44 creatures vanquished.

Notes
Turn   | Place    | Note
-------+----------+-------------------------------------------
     0 | D:1      | H0rd4k the Octopode Transmuter began the quest for the Orb.
     0 | D:1      | Reached XP level 1. HP: 13/13 MP: 3/3
   202 | D:1      | Reached XP level 2. HP: 18/18 MP: 5/5
  1007 | D:1      | Reached XP level 3. HP: 19/23 MP: 6/6
  1011 | D:1      | Learned a level 3 spell: Spider Form
  1730 | D:2      | Found a glowing golden altar of the Shining One.
  1732 | D:2      | Found a hide-covered altar of Uskayaw.
  1732 | D:2      | Found a sparkling altar of Nemelex Xobeh.
  1761 | D:2      | Found a broken altar of Ashenzari.
  2306 | D:3      | Reached skill level 1 in Poison Magic
  2365 | D:3      | Reached XP level 4. HP: 26/28 MP: 7/7
  2750 | D:3      | Reached skill level 4 in Unarmed Combat
  2770 | D:3      | Slain by an orc

Illustrated notes

Levels and vault maps discovered:
D:1:      lemuel_arrival_rhombus, layout_basic
D:2:      layout_loops_corners, lemuel_doored_altar,
          chequers_temple_overflow_statue_of_worship
D:3:      layout_basic, regret_index_temple_of_mockery, general_overflow_altar,
          serial_bayou_crossing

Skill      XL: |  1  2  3  4 |
---------------+-------------+-----
Poison Magic   | 1 |  1.9
Unarmed Combat | 4 |  4.0
Fighting       | |  1.0
Dodging        | |  2.3
Stealth        | |  0.8
Spellcasting   | |  2.3
Transmutations | |  2.6

Action                   |  1- 3 |  4- 6 || total
-------------------------+-------+-------++-------
Melee: Unarmed           |    75 |    22 ||    97
       Constrict         |    20 |     3 ||    23
       Tentacles         |     8 |     5 ||    13
       Punch             |       |     1 ||     1
 Cast: Spider Form       |       |     1 ||     1
 Stab: Sleeping          |    12 |     3 ||    15
Armor: Skin              |     3 |       ||     3
Dodge: Dodged            |    46 |    12 ||    58
